 Dungeon Crawl Stone Soup version 0.32-a0-18-g89e19f1974 (webtiles) character file.

Game seed: 10527792905945257110

1387 Monkooky the Cutter (level 8, 0/58 HPs)
             Began as a Mummy Delver on Jan 16, 2024.
             Was a Plaything of Xom.
             Slain by a steam dragon (shapeshifter) (2 damage)
             ... on level 6 of the Dungeon.
             The game lasted 00:11:18 (5177 turns).

Monkooky the Cutter (Mummy Delver)                  Turns: 5177, Time: 00:11:20

Health: 0/58       AC:  4    Str: 18    XL:     8   Next: 40%
Magic:  8/8        EV: 11    Int:  9    God:    Xom [.*....]
Gold:   413        SH:  0    Dex: 13    Spells: 7/7 levels left

rFire   x . .        u - +5 dagger (venom)
rCold   + . .        (no shield)
rNeg    + + +        b - +0 leather armour
rPois   ∞            h - +0 helmet
rElec   .            i - scarf {+Inv}
rCorr   .            (no gloves)
SInv    .            (no boots)
Will    +....        (no amulet)
Stlth   ++           p - ring of flight
HPRegen 0.29/turn    (no ring)
MPRegen 0.11/turn

%: faith
@: flying
A: cold resistance 1, negative energy resistance 3, torment resistance 2, heat
vulnerability 1, in touch with death 1, no potions, faith
a: Renounce Religion, Evoke Invisibility


You were on level 6 of the Dungeon.
You worshipped Xom.
You were a plaything of Xom.
You visited 1 branch of the dungeon, and saw 6 of its levels.

You collected 413 gold pieces.

Inventory:

Hand Weapons
 a - a +0 mace
 n - the +4 sling of Zeuf {flame, rPois rF++ Str-2 Stlth+}
   (You found it on level 5 of the Dungeon)

   Str-2:     It affects your strength (-2).
   rF++:      It greatly protects you from fire.
   rPois:     It protects you from poison Stlth+: It makes you more stealthy.
 u - a +5 dagger of venom (weapon)
Armour
 b - a +0 leather armour (worn)
 h - a +0 helmet (worn)
 i - a scarf of invisibility (worn)
 v - a +0 cloak
Magical Staves
 j - a staff of earth
Jewellery
 p - a ring of flight (left hand)
 w - the ring of the Writhing Gods {Ice Str+3}
   (You found it on level 5 of the Dungeon)

   [ring of ice]

   Ice:       It enhances your ice magic.
   Str+3:     It affects your strength (+3).
   rF-:       It makes you vulnerable to fire.
   rC+:       It protects you from cold.
Wands
 f - a wand of digging (2)
 r - a wand of quicksilver (1)
 t - a wand of flame (2)
Scrolls
 c - 2 scrolls of fog
 d - a scroll of revelation
 e - 2 scrolls of blinking {unknown}
 g - 2 scrolls of brand weapon
 k - a scroll of immolation
 l - a scroll of vulnerability
 m - 2 scrolls of enchant armour {unknown}
 o - a scroll of poison {unknown}
 q - a scroll of fear
 s - a scroll of noise {unknown}
 x - a scroll of amnesia {unknown}


   Skills:
 - Level 3.1 Fighting
 - Level 5.7 Short Blades
 - Level 1.7(2.7) Maces & Flails
 - Level 3.2(3.4) Staves
 - Level 1.7 Dodging
 - Level 4.2 Stealth
 + Level 4.9 Evocations


You had 7 spell levels left.
You didn't know any spells.
Your spell library contained the following spells:

 Spells                   Type           Power      Damage    Failure   Level
 Call Imp                 Summ           0%         N/A       58%         2
 Call Canine Familiar     Summ           0%         N/A       82%         3
 Sigil of Binding         Hex            0%         N/A       82%         3
 Dimensional Bullseye     Hex/Tloc       0%         N/A       99%         4
 Summon Hydra             Summ           0%         N/A       100%        7
 Sublimation of Blood     Necr           Unusable   N/A       N/A         2

Dungeon Overview and Level Annotations

Branches:
Dungeon (6/15)
 Temple: D:4-7

Altars:
Fedhas
Hepliaklqana
Kikubaaqudgha
Sif Muna
Xom

Annotations:
D:6 4 exclusions, Blork the orc


Innate Abilities, Weirdness & Mutations

You are immune to poison.
Your flesh is cold resistant. (rC+)
You are immune to negative energy. (rN+++)
You are immune to unholy pain and torment.
You are vulnerable to heat. (rF-)
You are in touch with the powers of death.
You do not drink.
You have a special connection with the divine. (Faith)


Message History

You hit the steam dragon but do no damage.
The steam dragon is heavily wounded.
The howler monkey barely misses you. The steam dragon barely misses you.
The steam dragon claws you.
Unknown command.
You hit the steam dragon but do no damage.
The steam dragon looks as sick as possible!
The steam dragon is severely wounded.
The howler monkey hits you.
Unknown command.
You closely miss the steam dragon.
The steam dragon is severely wounded.
The steam dragon bites you.
* * * LOW HITPOINT WARNING * * *
The steam dragon claws you.
* * * LOW HITPOINT WARNING * * *
The howler monkey closely misses you.
Unknown command.
You hit the steam dragon.
The steam dragon is almost dead.
A kobold comes into view. It is wielding a +0 dagger.
A kobold brigand comes into view.
It is wielding a +0 short sword and quivering poisoned darts.
The howler monkey hits you but does no damage.
The steam dragon misses you.
The steam dragon claws you but does no damage.
Unknown command.
Aiming: Throw Flame
Press: ? - help, Shift-Dir - straight line, f - steam dragon
Aim: a steam dragon shaped shifter (almost dead, extremely poisoned, 74% to hit)
The puff of flame hits the steam dragon but does no damage.
The steam dragon is almost dead.
The howler monkey hits you but does no damage.
The orc priest calls down the wrath of Beogh upon you.
Beogh smites you!
* * * LOW HITPOINT WARNING * * *
The hobgoblin hits you but does no damage.
A kobold comes into view.
It is wielding a +0 whip of electrocution.
The steam dragon barely misses you. The steam dragon claws you.
You die...
Xom roars with laughter!

....P♣P......P♣P
..P♣PPP♣....♣♣♣ ..♣
..PPPPP#'''## ######
.♣P♣♣♣P#...# .....#
PP♣#####.>.# .....#
♣P♣#...#...# .....#
PP♣#†..#...# K....
♣PP#...#)########D'####K
...#...')....!).@hg.o.K.
...#...'.).......g....K(
########################


You could see a steam dragon shaped shifter (extremely poisoned), a kobold
brigand, a howler monkey, an orc priest, 2 hobgoblins and 3 kobolds.

Vanquished Creatures
  Menkaure (D:4)
  A water moccasin (D:5)
  A black bear (D:4)
  A sky beast (D:6)
  An ice beast (D:5)
  An ogre (D:4)
  A centaur (D:6)
  A phantom (D:5)
  A scorpion (D:4)
  A howler monkey (D:5)
  4 hounds
  2 orc priests
  Ijyb (D:3)
  2 iguanas (D:5)
  3 orc wizards (D:5)
  4 gnolls (D:6)
  8 adders
  A white imp (D:5)
  4 ufetubi
  2 ribbon worms (D:2)
  4 dart slugs
  6 orcs
  4 ball pythons
  2 endoplasms
  3 giant cockroaches
  6 goblins
  4 hobgoblins
  2 jackals (D:3)
  3 kobolds
  4 quokkas
  5 bats
  A frilled lizard (D:2)
  8 rats
93 creatures vanquished.

Notes
Turn   | Place    | Note
-------+----------+-------------------------------------------
     0 | D:5      | Monkooky the Mummy Delver began the quest for the Orb.
     0 | D:5      | Reached XP level 1. HP: 18/18 MP: 1/1
    18 | D:4      | Found a shimmering altar of Xom.
   257 | D:1      | Reached XP level 2. HP: 24/24 MP: 2/2
   359 | D:1      | Reached skill level 1 in Staves
   922 | D:2      | Reached XP level 3. HP: 29/29 MP: 3/3
  1304 | D:2      | Reached XP level 4. HP: 32/35 MP: 4/4
  1485 | D:2      | Found a faded altar of an unknown god.
  1494 | D:2      | Prayed at the altar of an unknown god.
  1494 | D:2      | Became a worshipper of Xom of Chaos
  1580 | D:3      | Noticed Ijyb
  1582 | D:3      | XOM: silly message
  1584 | D:3      | Killed Ijyb
  1593 | D:3      | XOM: 3-stop teleportation journey
  1910 | D:3      | Found a hazy altar of Hepliaklqana.
  2103 | D:3      | XOM: summons 3 hostile demons
  2104 | D:3      | Noticed a ynoxinul
  2289 | D:3      | Found an ancient bone altar of Kikubaaqudgha.
  2481 | D:4      | Noticed a black bear
  2481 | D:4      | XOM: 2-stop teleportation journey
  2486 | D:4      | XOM: confusion
  2489 | D:4      | Killed a black bear
  2490 | D:4      | Reached XP level 5. HP: 11/41 MP: 5/5
  2645 | D:4      | XOM: noise
  2659 | D:4      | XOM: god gift: ring of flight
  2663 | D:4      | Noticed an ogre
  2724 | D:4      | XOM: fog
  2724 | D:4      | XOM: butterfly on damage
  2726 | D:4      | Killed an ogre
  2727 | D:4      | Reached skill level 1 in Short Blades
  2727 | D:4      | Reached XP level 6. HP: 35/47 MP: 6/6
  2888 | D:4      | XOM: 5-stop teleportation journey
  2981 | D:4      | Reached skill level 2 in Short Blades
  2994 | D:4      | XOM: silly message
  3007 | D:4      | XOM: divination: detect creatures
  3019 | D:4      | XOM: silly message
  3119 | D:4      | XOM: silly message
  3248 | D:4      | Noticed Menkaure
  3251 | D:4      | Killed Menkaure
  3252 | D:4      | Reached skill level 3 in Short Blades
  3388 | D:5      | XOM: noise
  3395 | D:5      | Reached XP level 7. HP: 48/52 MP: 7/7
  3428 | D:5      | Reached skill level 4 in Short Blades
  3614 | D:5      | XOM: divination: detect items
  3767 | D:5      | Identified the +4 sling of Zeuf {flame, rPois rF++ Str-2
                  | Stlth+}
  3770 | D:5      | XOM: potion effect (might)
  3798 | D:5      | XOM: divination: detect creatures
  3808 | D:5      | XOM: summons 4 hostile shadow creatures
  3862 | D:5      | XOM: silly message
  3963 | D:5      | XOM: scenery: summon butterflies
  3986 | D:5      | Reached skill level 5 in Short Blades
  4045 | D:5      | XOM: confuse monster(s)
  4081 | D:5      | Identified the ring of the Writhing Gods {Ice Str+3}
  4123 | D:5      | Reached XP level 8. HP: 49/58 MP: 8/8
  4150 | D:5      | XOM: divination: detect items
  4194 | D:5      | XOM: divination: detect creatures
  4244 | D:5      | XOM: 3-stop teleportation journey
  4263 | D:5      | XOM: summons 4 hostile demons
  4264 | D:5      | XOM: polymorph quasit -> lemure
  4405 | D:5      | Found a blossoming altar of Fedhas.
  4464 | D:5      | XOM: 1-stop teleportation journey
  4638 | D:6      | XOM: cleaving
  4743 | D:6      | XOM: 1-stop teleportation journey
  4897 | D:6      | Noticed Blork the orc
  4897 | D:6      | XOM: 8-stop teleportation journey
  4900 | D:6      | Found a shimmering blue altar of Sif Muna.
  4965 | D:6      | XOM: enchant monster (bad)
  5167 | D:6      | a centaur changed into a shapeshifter
  5167 | D:6      | Noticed a shapeshifter
  5167 | D:6      | XOM: polymorph centaur -> shapeshifter
  5168 | D:6      | a shapeshifter changed into a centaur
  5177 | D:6      | HP: 2/58 [orc priest/divine providence (11)]
  5177 | D:6      | Slain by a steam dragon (shapeshifter)

Illustrated notes

Levels and vault maps discovered:
D:1:      psy_arrival_radial02, layout_loops_ring
D:2:      layout_rooms, shapermc_ecumenical_altar_mp_highgroup
D:3:      layout_loops_ring, amcnicky_altar_gilded,
          mainiacjoe_overflow_alcove_1, mainiacjoe_overflow_cross_hatched,
          kennysheep_generic_room_4, uniq_ijyb
D:4:      layout_gridville, xom_teletrap_fun, nicolae_eternal_life,
          hangedman_decor_points, uniq_menkaure
D:5:      layout_basic, general_overflow_altar
D:6:      kennysheep_housing_project, layout_loops_ring,
          nicolae_uskayaw_dance_studio, tgw_sif, uniq_edmund

Skill      XL: |  1  2  3  4  5  6  7  8 |
---------------+-------------------------+-----
Staves         | 1 2 3 |  3.2
Evocations     | 2 3 4 |  4.9
Short Blades   | 1 3 5 |  5.7
Fighting       | |  3.1
Maces & Flails | |  1.7
Dodging        | |  1.7
Stealth        | |  4.2

Action                     |  1- 3 |  4- 6 |  7- 9 || total
---------------------------+-------+-------+-------++-------
  Melee: Mace              |   113 |     9 |       ||   122
         Punch             |     2 |       |     1 ||     3
         Dagger            |       |    69 |   201 ||   270
  Evoke: Wand              |       |     7 |     2 ||     9
    Use: Scroll            |     1 |     3 |     5 ||     9
   Stab: Sleeping          |    12 |     6 |     5 ||    23
 Armour: Leather armour    |    58 |    63 |   130 ||   251
  Dodge: Dodged            |    64 |    50 |   108 ||   222

Table legend: (Time is in decaauts)
 A = Elapsed time spent in this place.
 B = Non-inter-level travel time spent in this place.
 C = Inter-level travel time spent in this place.
 D = Time resting spent in this place.
 E = Time spent auto-exploring this place.
 F = Levels seen in this place.
 G = Mean time per level.
                   A        B        C        D        E       F      G
               +--------+--------+--------+--------+--------+-----+--------+
         Total |   5156 |   5010 |    146 |    569 |   3488 |   6 |  859.3 |
       Dungeon |   5156 |   5010 |    146 |    569 |   3488 |   6 |  859.3 |
               +--------+--------+--------+--------+--------+-----+--------+

Top non-repeatable levels by time:
     D:5: 1295 daAuts
     D:3: 985 daAuts
     D:4: 828 daAuts
     D:1: 793 daAuts
     D:2: 697 daAuts
     D:6: 555 daAuts
